 Dungeon Crawl Stone Soup version 0.20.1-1-g8b1a95d (webtiles) character file.

8772 asishallab the Cleaver (level 11, -1/75 HPs)
             Began as a Formicid Fighter on Dec 8, 2017.
             Was an Elder of the Shining One.
             Slain by a kobold
             ... wielding a +0 club
             ... summoned by an orange crystal statue
              (4 damage)
             ... on level 10 of the Dungeon.
             The game lasted 00:34:49 (9771 turns).

asishallab the Cleaver (Formicid Fighter)           Turns: 9771, Time: 00:34:52

Health: -1/75      AC: 17    Str: 22    XL:     11   Next: 62%
Magic:  2/17       EV:  7    Int: -1 (7) God:    the Shining One [****..]
Gold:   176        SH: 24    Dex: 15    Spells: 8/10 levels left

rFire    . . .     SeeInvis +   V - +2 war axe (curse)
rCold    . . .     Gourm    .   n - +0 large shield
rNeg     + + .     Faith    +   q - +0 plate armour
rPois    .         Spirit   .   (helmet unavailable)
rElec    .         Reflect  .   F - +2 cloak {+Inv}
rCorr    .         Harm     .   (no gloves)
MR       +....     Clarity  +   W - +2 pair of boots
Stlth    ..........             e - amulet of faith
Regen    0.3/turn               D - +4 ring of evasion
MPRegen  0.2/turn               z - ring of stealth

@: divine shield, slowed, lost intelligence, glowing, very slow
A: permanent stasis, dig shafts and tunnels, four strong arms, antennae 3, agile
1, clarity
a: Dig, Shaft Self, Divine Shield, Cleansing Flame, Renounce Religion, Evoke
Invisibility


You were on level 10 of the Dungeon.
You worshipped the Shining One.
The Shining One was greatly pleased with you.
You were very hungry.

You visited 1 branch of the dungeon, and saw 10 of its levels.

You collected 635 gold pieces.
You spent 459 gold pieces at shops.

Inventory:

Hand Weapons
 a - a +0 war axe
 y - a +0 blowgun
 E - a +1 dire flail of holy wrath
 K - a +0 mace
 U - a +1 hand axe of chopping
 V - a cursed +2 war axe (weapon)
Missiles
 m - 457 stones
 A - 22 poisoned needles
 B - 8 javelins (quivered)
 R - 5 steel tomahawks
 S - 8 tomahawks
Armour
 n - a +0 large shield (worn)
 q - a +0 plate armour (worn)
 v - a +2 shield
 F - a +2 cloak of invisibility (worn)
 J - a +2 cloak of invisibility
 W - a +2 pair of boots (worn)
Jewellery
 c - an uncursed ring of flight
 e - an amulet of faith (around neck)
 z - a ring of stealth (right hand)
 C - an uncursed ring of resist corrosion
 D - a +4 ring of evasion (left hand)
 X - an uncursed ring of fire {unknown}
Wands
 G - a wand of acid (3/15)
 I - a wand of enslavement (12/24)
 N - a wand of enslavement (12/24)
Scrolls
 h - 2 scrolls of remove curse
 j - 3 scrolls of enchant weapon
 k - 6 scrolls of amnesia
 l - 5 scrolls of enchant armour
 t - 2 scrolls of magic mapping
 x - 3 scrolls of immolation
 H - a scroll of fog
 O - 2 scrolls of identify
 P - a scroll of recharging
Potions
 b - 2 potions of brilliance
 o - a potion of cancellation
 s - 4 potions of lignification
 u - 3 potions of mutation
 w - 6 potions of curing
 L - a potion of flight
Books
 Q - a book of Battle

   Spells                             Type                      Level
   a - Infusion                       Charms                       1
   b - Shroud of Golubria             Charms/Translocation         2
   c - Song of Slaying                Charms                       2
   d - Spectral Weapon                Hexes/Charms                 3
   e - Regeneration                   Charms/Necromancy            3
Miscellaneous
 r - a lightning rod (4/4)
Comestibles
 d - 2 fruits
 f - 12 bread rations
 i - 7 royal jellies
 p - 3 meat rations


   Skills:
 - Level 3.2 Fighting
 * Level 12.7 Axes
 + Level 4.2 Throwing
 - Level 3.2 Armour
 + Level 6.3 Shields
 * Level 7.1 Invocations
 + Level 8.5 Evocations


You had 8 spell levels left.
You knew the following spells:

 Your Spells              Type           Power        Failure   Level  Hunger
a - Song of Slaying       Chrm           #.......     100%        2    ###....


Dungeon Overview and Level Annotations

Branches:
Dungeon (10/15)            Temple (0/1) D:7            Lair (0/6) D:8
    Orc (0/2) D:10

Altars:
Fedhas
Kikubaaqudgha
Makhleb
Nemelex Xobeh
Qazlal
Ru
Trog
Zin
The Shining One

Shops:
D:5 [

Annotations:
D:7 1 runed door
D:10 2 runed doors, exclusion: orange crystal statue


Innate Abilities, Weirdness & Mutations

You cannot be hasted, slowed, berserked, paralysed or teleported.
You can dig through walls and to a lower floor.
Your four strong arms can wield two-handed weapons with a shield.
You have a pair of large antennae on your head. (SInv)
You are agile. (Dex +2)
You possess an exceptional clarity of mind.


Message History

You hit the orange crystal statue but do no damage.
The orange crystal statue is almost destroyed.
You hit the black bear. You hit the orc.
You kill the orc!
The orc's corpse dissolves into shadows!
You hit the kobold. You hit the big kobold.
Your shield and plate armour prevent you from hitting the kobold.
You hit the kobold but do no damage. You block the kobold's attack.
The big kobold hits you but does no damage.
You block the kobold's attack. You block the black bear's attack. x2
The black bear claws you but does no damage.
The kobold hits you with a club.
* * * LOW HITPOINT WARNING * * *
The black bear bites you but does no damage.
The black bear claws you.
* * * LOW HITPOINT WARNING * * *
You block the black bear's attack.
The big kobold hits you but does no damage.
The kobold hits you but does no damage. x2; The kobold hits you with a club.
You die...

###........###
#......#+#...###
##....###
###...# #...###.
###.## ##...#(.
+# #..#
#...##.###.###
##.##
##...#..#.....#
#..##
+...##$##..h..##
##..#
#...'..†.K@8(..+
+..#
##..##.##KKK..##
##..#
#...#..#....)#
#...#
###.##.###.###
##...# .. .. +#
#.?.## #. ##.
###.#.# .. ##
###.....#
#...##.##
...#....#


You could see an orange crystal statue, a black bear, a big kobold and 3
kobolds.

Vanquished Creatures
  The ghost of soepske the Fighter, a novice MiBe of Trog (D:9)
  Pikel (D:6)
  The ghost of asishallab the Blocker, a novice FoFi of Gozag (D:6)
  A centaur skeleton (D:10)
  A merfolk (D:9)
  A hippogriff (D:8)
  Sigmund (D:6)
  14 yaks
  A shadow (D:10)
  Edmund (D:5)
  A hell hound (D:8)
  A slave (D:6)
  4 orc warriors
  4 sky beasts
  A black bear (D:9)
  2 ice beasts (D:7)
  2 ogres
  2 phantoms
  A centaur (D:8)
  A big kobold (D:6)
  5 bullfrogs
  4 scorpions
  9 wights (D:9)
  5 crimson imps
  2 howler monkeys
  6 orc priests
  The ghost of RubyRose the Gusty, a weakling DEAE (D:3)
  A quasit (D:8)
  A bullfrog skeleton (D:10)
  10 hounds
  Crazy Yiuf (D:5)
  A gnoll shaman (D:6)
  9 orc wizards
  An iguana (D:8)
  Natasha (thrice) (D:2)
  6 worker ants
  4 killer bee zombies
  A hound skeleton (D:4)
  2 worker ant zombies
  8 gnolls
  6 adders
  A shadow imp (D:7)
  An ooze (D:3)
  An adder zombie (D:10)
  An adder skeleton (D:9)
  7 worms
  3 dart slugs
  4 leopard geckos
  32 orcs
  3 giant cockroaches
  5 hobgoblins
  14 jackals
  5 kobolds
  3 quokkas
  7 bats
  2 frilled lizards
  A giant cockroach zombie (D:5)
  3 goblins
  A jackal zombie (D:5)
  A leopard gecko skeleton (D:5)
  6 rats
229 creatures vanquished.

Vanquished Creatures (others)
  A phantom (D:6)
  A quokka (D:6)
2 creatures vanquished.

Grand Total: 231 creatures vanquished

Notes
Turn   | Place    | Note
-------+----------+-------------------------------------------
     0 | D:1      | asishallab the Formicid Fighter began the quest for the Orb.
     0 | D:1      | Reached XP level 1. HP: 18/18 MP: 1/1
   150 | D:1      | Reached XP level 2. HP: 24/24 MP: 2/2
   229 | D:1      | Reached skill level 3 in Axes
   277 | D:1      | Reached XP level 3. HP: 28/29 MP: 3/3
   527 | D:2      | Noticed Natasha
   538 | D:2      | Killed Natasha
   538 | D:2      | Reached skill level 4 in Axes
   538 | D:2      | Reached XP level 4. HP: 24/35 MP: 4/4
   862 | D:2      | Noticed Natasha
   869 | D:2      | Killed Natasha
   869 | D:2      | Reached XP level 5. HP: 41/41 MP: 5/5
  1128 | D:2      | Noticed Natasha
  1135 | D:2      | Killed Natasha
  1135 | D:2      | Reached skill level 5 in Axes
  1628 | D:3      | Reached XP level 6. HP: 16/47 MP: 6/6
  1634 | D:3      | Reached skill level 6 in Axes
  1686 | D:3      | Noticed RubyRose's ghost (weakling DEAE)
  1712 | D:3      | Killed RubyRose's ghost
  2675 | D:4      | Reached XP level 7. HP: 48/52 MP: 7/7
  2801 | D:4      | Reached skill level 7 in Axes
  2878 | D:4      | Found a sacrificial altar of Ru.
  3141 | D:5      | Entered Level 5 of the Dungeon
  3233 | D:5      | Noticed Edmund
  3248 | D:5      | Killed Edmund
  3248 | D:5      | Reached skill level 8 in Axes
  3276 | D:5      | Found a glowing golden altar of the Shining One.
  3277 | D:5      | Found a blossoming altar of Fedhas.
  3292 | D:5      | Found a stormy altar of Qazlal.
  3292 | D:5      | Found a bloodstained altar of Trog.
  3300 | D:5      | Found a burning altar of Makhleb.
  3336 | D:5      | Gained mutation: You possess an exceptional clarity of mind. [potion of mutation]
  3336 | D:5      | Gained mutation: You are agile. (Dex +2) [potion of mutation]
  3551 | D:5      | Found a glowing golden altar of the Shining One.
  3575 | D:5      | Became a worshipper of the Shining One
  3599 | D:5      | Reached XP level 8. HP: 54/58 MP: 8/8
  3753 | D:5      | Found Quoffien's Antique Armour Emporium.
  3759 | D:5      | Bought an embroidered cloak for 142 gold pieces
  3759 | D:5      | Bought a glowing cloak for 142 gold pieces
  3759 | D:5      | Bought a pair of boots for 85 gold pieces
  4037 | D:5      | Reached skill level 1 in Evocations
  4097 | D:5      | Reached skill level 9 in Axes
  4257 | D:5      | Found a runed door.
  4261 | D:5      | Noticed Crazy Yiuf
  4268 | D:5      | Killed Crazy Yiuf
  4377 | D:6      | Noticed Pikel
  4377 | D:6      | Reached * piety under the Shining One
  4391 | D:6      | Killed Pikel
  4391 | D:6      | Reached XP level 9. HP: 55/64 MP: 9/12
  4411 | D:6      | Found an ancient bone altar of Kikubaaqudgha.
  4617 | D:6      | Noticed Sigmund
  4624 | D:6      | Killed Sigmund
  4624 | D:6      | Reached skill level 10 in Axes
  4624 | D:6      | Reached skill level 5 in Evocations
  5114 | D:6      | Noticed asishallab's ghost (novice FoFi)
  5126 | D:6      | Killed asishallab's ghost
  5900 | D:7      | Found a staircase to the Ecumenical Temple.
  5903 | D:7      | Reached ** piety under the Shining One
  5972 | D:7      | Reached skill level 11 in Axes
  5972 | D:7      | Reached XP level 10. HP: 65/70 MP: 15/15
  6405 | D:7      | Found a runed door.
  6407 | D:7      | Noticed a sixfirhy
  6709 | D:8      | Reached skill level 1 in Invocations
  6764 | D:8      | Reached skill level 1 in Throwing
  6898 | D:8      | Found Zin's Purification Station.
  6898 | D:8      | Found a glowing silver altar of Zin.
  6907 | D:8      | Bought a potion of curing for 90 gold pieces
  6962 | D:8      | Found a sparkling altar of Nemelex Xobeh.
  7093 | D:8      | Found a staircase to the Lair.
  7784 | D:9      | Reached *** piety under the Shining One
  8163 | D:9      | Reached skill level 5 in Shields
  8175 | D:9      | Reached **** piety under the Shining One
  8215 | D:9      | Reached skill level 12 in Axes
  8228 | D:9      | Reached XP level 11. HP: 46/75 MP: 17/17
  8236 | D:9      | Reached skill level 5 in Invocations
  8811 | D:9      | Noticed soepske's ghost (novice MiBe)
  8846 | D:9      | Killed soepske's ghost
  9038 | D:10     | Entered Level 10 of the Dungeon
  9616 | D:10     | Found a staircase to the Orcish Mines.
  9649 | D:10     | Found a runed door.
  9659 | D:10     | Learned a level 2 spell: Song of Slaying
  9672 | D:10     | Found a runed door.
  9685 | D:10     | Found a runed door.
  9690 | D:10     | Noticed an orange crystal statue
  9757 | D:10     | Noticed a two-headed ogre
  9758 | D:10     | Lost intelligence.
  9771 | D:10     | HP: 3/75 [black bear[an orange crystal statue] (1)]
  9771 | D:10     | Slain by a kobold

Skill      XL: |  1  2  3  4  5  6  7  8  9 10 11 |
---------------+----------------------------------+-----
Axes           | 3 4 5 6 8 9 11 12 | 12.7
Evocations     | 4 7 8 |  8.5
Invocations    | 4 7 |  7.1
Throwing       | 3 4 |  4.2
Shields        | 5 6 |  6.3
Fighting       | |  3.2
Armour         | |  3.2

Action                   |  1- 3 |  4- 6 |  7- 9 | 10-12 || total
-------------------------+-------+-------+-------+-------++-------
Melee: War axe           |    71 |   208 |   245 |   369 ||   893
       Hand axe          |       |       |       |   105 ||   105
Throw: Javelin           |       |       |     7 |    29 ||    36
Invok: Divine Shield     |       |       |       |     3 ||     3
       Cleansing Flame   |       |       |       |     1 ||     1
 Abil: Dig               |       |       |     1 |     1 ||     2
  Use: Scroll            |       |     5 |    12 |     5 ||    22
       Potion            |       |     2 |     4 |     3 ||     9
  Eat: Chunk             |       |     6 |    11 |    12 ||    29
Armor: Chain mail        |    64 |    24 |       |       ||    88
       Scale mail        |     3 |       |       |       ||     3
       Plate armour      |       |    97 |   113 |   142 ||   352
Dodge: Dodged            |    23 |    23 |    52 |    59 ||   157
Block: Shield            |    49 |    19 |       |       ||    68
       Large shield      |       |    94 |   175 |   332 ||   601
